[Event "Titled Tuesday Blitz August 22 Late 2023"]
[White "Reprintsev, Alexander"]
[Black "Fominykh, Maria"]
[WhiteFideId "14100541"]
[BlackFideId "4142411"]
[WhiteElo "2490"]
[BlackElo "2307"]
[Result "1/2-1/2"]
[Round "5"]
[TimeControl "180+1"]
[Date "2023.08.22"]
[WhiteClock "0:00:17"]
[BlackClock "0:00:04"]
[Board "156"]

1. e4 e6 2. d4 d5 3. Nc3 Nf6 4. Bg5 dxe4 5. Nxe4 Be7 6. Nxf6+ Bxf6 7. Bxf6 Qxf6 8. Nf3 O-O 9. Qd2 c5 10. O-O-O cxd4 11. Qxd4 Nc6 12. Qxf6 gxf6 13. Bb5 a6 14. Bxc6 bxc6 15. Nd4 Bb7 16. Nb3 Rad8 17. Nc5 Bc8 18. Rxd8 Rxd8 19. Rd1 Rxd1+ 20. Kxd1 Kf8 21. Kd2 Ke7 22. Kc3 Kd6 23. Kc4 a5 24. f3 f5 25. f4 f6 26. g3 e5 27. b3 Be6+ 28. Nxe6 Kxe6 29. Kc5 e4 30. Kd4 c5+ 31. Ke3 h5 32. h3 Kd5 33. c3 c4 34. Ke2 Kc5 35. Kd2 Kb5 36. Ke3 cxb3 37. axb3 a4 38. bxa4+ Kxa4 39. g4 fxg4 40. hxg4 hxg4 41. Kxe4 f5+ 42. Kxf5 g3 43. Ke6 g2 44. f5 g1=Q 45. f6 Qe3+ 46. Kd7 Qd3+ 47. Ke7 Qe4+ 48. Kf8 Qa8+ 49. Kg7 Qg2+ 50. Kf8 Qa8+ 51. Kg7 Qg2+ 52. Kf8 Kb5 53. f7 Kc6 54. Ke7 Qf3 55. f8=Q Qxf8+ 56. Kxf8 Kc5 57. Ke7 Kc4 58. Kd6 Kxc3 1/2-1/2


[Site "https://www.chess.com"]

[Event "Titled Tuesday Blitz August 22 Late 2023"]
[White "Martins, Bruno Andre Leite"]
[Black "Zampronha, Wladimir Camilo"]
[WhiteFideId "1942255"]
[BlackFideId "2103087"]
[WhiteElo "2487"]
[BlackElo "2300"]
[Result "0-1"]
[Round "5"]
[TimeControl "180+1"]
[Date "2023.08.22"]
[WhiteClock "0:02:16"]
[BlackClock "0:02:13"]
[Board "157"]

1. e4 c5 2. Nf3 e6 3. d4 cxd4 4. Nxd4 Nc6 5. c4 Nf6 6. Nc3 Bb4 7. Bd3 Nxd4 8. e5 Qa5 9. exf6 Bxc3+ 10. bxc3 Qxc3+ 11. Bd2 Qxd3 12. fxg7 Rg8 0-1


[Site "https://www.chess.com"]

[Event "Titled Tuesday Blitz August 22 Late 2023"]
[White "Vaglio Munoz, Jaime"]
[Black "Michalczak, Thomas"]
[WhiteFideId "6500145"]
[BlackFideId "4622634"]
[WhiteElo "2293"]
[BlackElo "2477"]
[Result "0-1"]
[Round "5"]
[TimeControl "180+1"]
[Date "2023.08.22"]
[WhiteClock "0:00:06"]
[BlackClock "0:00:15"]
[Board "158"]

1. Nf3 d5 2. c4 d4 3. b4 g5 4. Bb2 Bg7 5. d3 g4 6. Nfd2 e5 7. g3 h5 8. Bg2 a5 9. b5 Nd7 10. Ba3 Ne7 11. h3 Nf6 12. h4 Rb8 13. Qc2 b6 14. c5 Be6 15. c6 Bd5 16. O-O Bxg2 17. Kxg2 Qd5+ 18. Kh2 Qxb5 19. Bxe7 Kxe7 20. Na3 Qd5 21. Rab1 Rhe8 22. Nb5 Kd8 23. a4 Re6 24. Rfc1 Bh6 25. Kg1 Ne8 26. Ne4 Bxc1 27. Rxc1 f5 28. Ng5 Re7 29. Qc4 Qxc4 30. Rxc4 Ng7 31. e3 dxe3 32. fxe3 Ne6 33. Nxe6+ Rxe6 34. d4 Rc8 35. d5 Rf6 36. Kf2 Ke7 37. Ke2 f4 38. exf4 exf4 39. gxf4 Rf5 40. Re4+ Kf6 41. Nc3 Kf7 42. Ke3 Re8 43. Rxe8 Kxe8 44. Ke4 Rf7 45. f5 g3 46. Ne2 g2 47. Ng1 Ke7 48. Ke5 Rf6 49. Nf3 Rh6 50. Ng1 Kf7 51. Nf3 Rd6 52. Ng5+ Ke7 53. Nf3 Kf8 54. Ng1 Rd8 55. f6 Re8+ 56. Kf5 Re1 57. Nf3 g1=Q 58. Ng5 Rf1+ 59. Kg6 Qg4 60. d6 Qf5+ 61. Kxh5 cxd6 62. c7 Qc8 63. Kg6 Qf5+ 64. Kh5 Rg1 65. c8=Q+ Qxc8 66. Kg6 Qe8+ 67. f7 Qe6+ 68. Kh5 Qf5 69. Kh6 Qg4 70. h5 Qxg5+ 71. Kh7 Qg7# 0-1


[Site "https://www.chess.com"]

[Event "Titled Tuesday Blitz August 22 Late 2023"]
[White "Itkis, Boris"]
[Black "Hoffmann, Asa"]
[WhiteFideId "1209167"]
[BlackFideId "2001470"]
[WhiteElo "2471"]
[BlackElo "2291"]
[Result "1-0"]
[Round "5"]
[TimeControl "180+1"]
[Date "2023.08.22"]
[WhiteClock "0:00:12"]
[BlackClock "0:00:18"]
[Board "159"]

1. d4 Nf6 2. Nc3 d6 3. e4 c6 4. f4 Qa5 5. e5 Ne4 6. Bd2 Nxd2 7. Qxd2 d5 8. Bd3 g6 9. Nf3 Bg4 10. O-O Bxf3 11. Rxf3 e6 12. g4 h5 13. h3 hxg4 14. hxg4 Nd7 15. f5 gxf5 16. gxf5 O-O-O 17. f6 Bb4 18. Kg2 Rdg8+ 19. Rg3 Nxe5 20. dxe5 d4 21. Qf4 dxc3 22. b3 Qd5+ 23. Qe4 Ba5 24. Qxd5 cxd5 25. Kf3 Bc7 26. Re1 a6 27. a4 Kd7 28. Rxg8 Rxg8 29. Kf4 Rg2 30. Rh1 Bb6 31. Rh7 Rd2 32. Rxf7+ Kc6 33. Bh7 Re2 34. Re7 Bd4 35. f7 Rf2+ 36. Kg3 Rf1 37. Bd3 Bxe5+ 38. Kg4 Rf4+ 39. Kh5 Bd6 40. Rxe6 Rxf7 41. Kg6 Rf3 42. Bf5 Kc5 43. Kf6 b5 44. axb5 axb5 45. Re8 Kd4 46. Rd8 Be5+ 47. Ke6 Re3 48. Rxd5# 1-0


[Site "https://www.chess.com"]

[Event "Titled Tuesday Blitz August 22 Late 2023"]
[White "KrokerGuy"]
[Black "Mikhaylova, Irina"]
[BlackFideId "4109040"]
[WhiteElo "2454"]
[BlackElo "2286"]
[Result "1-0"]
[Round "5"]
[TimeControl "180+1"]
[Date "2023.08.22"]
[WhiteClock "0:00:12"]
[BlackClock "0:00:16"]
[Board "160"]

1. e4 c5 2. Nf3 Nc6 3. d4 cxd4 4. Nxd4 e5 5. Nb5 d6 6. N1c3 a6 7. Na3 b5 8. Nd5 Nge7 9. c4 Nd4 10. cxb5 Nxd5 11. exd5 Qh4 12. Be3 Nf5 13. Nc2 Be7 14. bxa6 O-O 15. Bd3 Nxe3 16. Nxe3 f5 17. Qc2 e4 18. Bb5 f4 19. Nc4 Bf5 20. Qd2 Bg5 21. Qe2 f3 22. g3 Qh6 23. Qd1 Qh3 24. Qb3 Qg2 25. Rf1 e3 26. Nxe3 Rae8 27. O-O-O Bxe3+ 28. fxe3 f2 29. a7 Qe4 30. Bd3 Qe5 31. Bxf5 Qxf5 32. Qd3 Qe5 33. Kb1 Ra8 34. Rd2 Qe7 35. Rdxf2 Rxf2 36. Rxf2 Qxa7 37. Qd4 h6 38. Qxa7 Rxa7 39. a3 Re7 40. Re2 Re5 41. e4 g5 42. a4 Re7 43. b4 Ra7 44. a5 Kf7 45. Kc2 Kf6 46. Kd3 Ke5 47. Ra2 Rf7 48. Ke3 g4 49. a6 Rf3+ 50. Ke2 Kxe4 51. a7 Re3+ 52. Kd2 Rd3+ 53. Kc2 Rxd5 54. a8=Q Kd4 55. Ra5 Re5 56. Rxe5 Kxe5 57. b5 Kd4 58. b6 Ke3 59. b7 Kf2 60. b8=Q Kg1 61. Qxd6 Kxh2 62. Qxh6+ 1-0


[Site "https://www.chess.com"]

[Event "Titled Tuesday Blitz August 22 Late 2023"]
[White "Cardozo Munar, Carlos Eduardo"]
[Black "Czerw, Dawid"]
[WhiteFideId "4409477"]
[BlackFideId "1145746"]
[WhiteElo "2283"]
[BlackElo "2444"]
[Result "0-1"]
[Round "5"]
[TimeControl "180+1"]
[Date "2023.08.22"]
[WhiteClock "0:00:12"]
[BlackClock "0:00:34"]
[Board "161"]

1. d4 d5 2. c3 Nf6 3. Nf3 g6 4. Bg5 Bg7 5. Nbd2 O-O 6. e3 Nbd7 7. Bd3 c6 8. O-O Re8 9. h3 e5 10. dxe5 Nxe5 11. Nxe5 Rxe5 12. Nf3 Re8 13. Re1 Qb6 14. Qb3 h6 15. Qxb6 axb6 16. Bh4 b5 17. a3 Ne4 18. Nd4 Nc5 19. Bc2 Na4 20. Rab1 Bd7 21. Bg3 c5 22. Ne2 Nb6 23. Red1 Bc6 24. Bd6 Bf8 25. Bxf8 Kxf8 26. Nf4 g5 27. Nd3 Nd7 28. Rd2 b6 29. Rbd1 Nf6 30. Bb1 Re7 31. Ne1 Rae8 32. Nf3 Kg7 33. Ba2 Kg6 34. Kf1 h5 35. Bxd5 Nxd5 36. Rxd5 Bxd5 37. Rxd5 f6 38. Rd6 Re6 39. Rd7 g4 40. hxg4 hxg4 41. Nh4+ Kg5 42. g3 R8e7 43. Rd8 f5 44. Rd5 Re5 45. Rd8 Rf7 46. Rg8+ Kh5 47. Rg6 b4 48. Rxb6 bxc3 49. bxc3 Ra7 50. Rf6 Rxa3 51. Nxf5 Rxc3 52. Nh4 Rc2 53. Rc6 Rd5 54. Ng6 Rdd2 55. Nf4+ Kg5 56. Ne6+ Kf5 57. Nxc5 Rxf2+ 58. Ke1 Rg2 59. Kd1 Ra2 60. Nd3 Rad2+ 61. Ke1 Rxd3 62. Rc5+ Ke4 63. Kf1 Ra2 64. Rc4+ Kxe3 65. Rc1 Kf3 66. Kg1 Kxg3 67. Kh1 Rh2+ 68. Kg1 Kh3 69. Re1 Rg3+ 70. Kf1 Rh1+ 71. Kf2 Rg2+ 72. Ke3 Rxe1+ 73. Kf4 Rf2+ 0-1


[Site "https://www.chess.com"]

[Event "Titled Tuesday Blitz August 22 Late 2023"]
[White "Baches Garcia, Guillermo"]
[Black "Chemin, Justo Reinaldo"]
[WhiteFideId "2209764"]
[BlackFideId "2101580"]
[WhiteElo "2429"]
[BlackElo "2272"]
[Result "0-1"]
[Round "5"]
[TimeControl "180+1"]
[Date "2023.08.22"]
[WhiteClock "0:00:00"]
[BlackClock "0:00:05"]
[Board "162"]

1. e4 e6 2. d4 d5 3. exd5 exd5 4. Nf3 Bf5 5. Bd3 Bxd3 6. Qxd3 c6 7. O-O Be7 8. Re1 Nf6 9. Bg5 O-O 10. Nbd2 Nbd7 11. c3 Re8 12. Ne5 Nxe5 13. dxe5 Nd7 14. Bxe7 Qxe7 15. f4 Rad8 16. Nf3 Nc5 17. Qe3 Ne4 18. Nd2 Nxd2 19. Qxd2 c5 20. f5 c4 21. Qf4 Qc5+ 22. Kh1 d4 23. f6 d3 24. Qg4 g6 25. Qg5 d2 26. Rf1 Rxe5 27. Qh6 Qf8 28. Qf4 Rf5 29. Qxc4 Rxf1+ 30. Qxf1 Qd6 31. Rd1 Qe5 32. h3 Rd6 33. Qf2 Qd5 34. Qf4 Qd3 35. Kh2 a5 36. a4 Qd5 37. Kh1 h5 38. Kh2 Kh7 39. Kh1 g5 40. Qe3 Kg6 41. Qf2 Qd3 42. Qg1 Rxf6 43. Qc5 Qe2 0-1


[Site "https://www.chess.com"]

[Event "Titled Tuesday Blitz August 22 Late 2023"]
[White "Ai, Evan"]
[Black "Onthequiet"]
[WhiteFideId "2094770"]
[WhiteElo "2274"]
[BlackElo "2426"]
[Result "0-1"]
[Round "5"]
[TimeControl "180+1"]
[Date "2023.08.22"]
[WhiteClock "0:00:00"]
[BlackClock "0:01:08"]
[Board "163"]

1. e4 c6 2. d4 d5 3. exd5 cxd5 4. Bf4 Nc6 5. Nf3 Nf6 6. Bb5 Qb6 7. Bxc6+ bxc6 8. b3 Ne4 9. O-O Bg4 10. c3 e6 11. h3 Bh5 12. Qd3 Be7 13. Nbd2 Bg6 14. Qe3 O-O 15. Ne5 Nxd2 16. Qxd2 Rfd8 17. Nxg6 hxg6 18. Qc2 c5 19. Be3 Rac8 20. Rfd1 a5 21. Rab1 Qa6 22. dxc5 Bxc5 23. Qd2 Qa7 24. b4 Bxe3 25. Qxe3 Qxe3 26. fxe3 Rxc3 27. b5 Rxe3 28. b6 Rb8 29. Rb5 Rc3 30. Rdb1 a4 31. Ra5 Kh7 32. b7 Rc7 33. Ra7 d4 34. Kf2 e5 35. Kf3 f5 36. g4 Kh6 37. Ke2 e4 38. gxf5 gxf5 39. Rb6+ Kh5 40. Rb5 g6 41. Kd2 Kh4 42. Rb4 d3 43. Ke3 Kg3 44. Rb6 g5 45. Rb5 Rf7 46. Rb4 a3 47. Rb1 Kxh3 0-1


[Site "https://www.chess.com"]

[Event "Titled Tuesday Blitz August 22 Late 2023"]
[White "Fernandez Hernandez, Gerardo"]
[Black "Carroll, Thomas"]
[WhiteFideId "2207400"]
[BlackFideId "450111"]
[WhiteElo "2267"]
[BlackElo "2425"]
[Result "1-0"]
[Round "5"]
[TimeControl "180+1"]
[Date "2023.08.22"]
[WhiteClock "0:00:06"]
[BlackClock "0:00:11"]
[Board "164"]

1. e4 e6 2. d3 c5 3. g3 b5 4. Bg2 Bb7 5. f4 d6 6. Nf3 Be7 7. O-O Nf6 8. a4 b4 9. Nbd2 Nbd7 10. Qe2 O-O 11. e5 dxe5 12. fxe5 Ng4 13. Nc4 Nb6 14. h3 Nxc4 15. dxc4 Bxf3 16. Bxf3 Qd4+ 17. Kg2 Nxe5 18. Bxa8 Rxa8 19. Bf4 Ng6 20. Rad1 Nxf4+ 21. Rxf4 Qxb2 22. Rd7 Bf6 23. h4 Qa2 24. Qf3 Qxc2+ 25. Kh3 Rf8 26. Rxa7 b3 27. Rb7 b2 28. Qb3 Qc1 29. Kg2 Rd8 30. Rb8 h5 31. Rxf6 Qd2+ 32. Rf2 Rxb8 33. Qxb8+ Kh7 34. Qxb2 1-0


[Site "https://www.chess.com"]

[Event "Titled Tuesday Blitz August 22 Late 2023"]
[White "Sarkar, Justin"]
[Black "Avila Rodriguez, Joshua Ad"]
[WhiteFideId "2010011"]
[BlackFideId "5126444"]
[WhiteElo "2257"]
[BlackElo "2421"]
[Result "0-1"]
[Round "5"]
[TimeControl "180+1"]
[Date "2023.08.22"]
[WhiteClock "0:00:00"]
[BlackClock "0:00:04"]
[Board "165"]

1. d4 Nf6 2. c4 e6 3. Nc3 Bb4 4. Qc2 O-O 5. Nf3 d5 6. Bg5 h6 7. Bxf6 Qxf6 8. a3 Bxc3+ 9. Qxc3 c6 10. e3 Nd7 11. Bd3 Re8 12. O-O b6 13. cxd5 exd5 14. Rfc1 Bb7 15. b4 Rac8 16. a4 g5 17. a5 c5 18. dxc5 Qxc3 19. Rxc3 bxc5 20. Bb5 cxb4 21. Rxc8 Bxc8 22. Rb1 a6 23. Bc6 Re6 24. Bxd5 Rd6 25. Bc4 Nb8 26. Nd4 Nc6 27. Nxc6 Rxc6 28. Rxb4 Be6 29. Bf1 Rc5 30. Rb6 Rxa5 31. Rxa6 Rc5 32. f4 Rc3 33. fxg5 hxg5 34. e4 Rc1 35. Ra5 f6 36. Kf2 Kf7 37. Be2 Kg6 38. Ke3 Rc3+ 39. Kf2 Rc2 40. Ke3 Rb2 41. h3 Bf7 42. Kd3 Rb3+ 0-1


[Site "https://www.chess.com"]

[Event "Titled Tuesday Blitz August 22 Late 2023"]
[White "Dwilewicz, Katarzyna"]
[Black "Fernandez Bustamante, Leancy B."]
[WhiteFideId "1148486"]
[BlackFideId "3523870"]
[WhiteElo "2421"]
[BlackElo "2250"]
[Result "1-0"]
[Round "5"]
[TimeControl "180+1"]
[Date "2023.08.22"]
[WhiteClock "0:00:05"]
[BlackClock "0:00:14"]
[Board "166"]

1. e4 c5 2. Nf3 a6 3. c3 d5 4. exd5 Qxd5 5. d4 Bg4 6. Be2 Nf6 7. O-O e6 8. Be3 cxd4 9. cxd4 Be7 10. Nc3 Qd6 11. h3 Bh5 12. Ne5 Bxe2 13. Qxe2 Nbd7 14. Nc4 Qb8 15. Qf3 O-O 16. Bf4 Qc8 17. Nd6 Bxd6 18. Bxd6 Re8 19. Rac1 Qd8 20. Qxb7 Nd5 21. Nxd5 exd5 22. Qxd5 Nf6 23. Qc6 Re6 24. Bc7 Rxc6 25. Bxd8 Rxc1 26. Rxc1 Rxd8 27. Rc6 Ra8 28. Kf1 h6 29. Ke2 Rb8 30. b3 Rb4 31. Kd3 a5 32. Ra6 Rb5 33. Kc4 Rf5 34. f3 h5 35. a4 Nd5 36. g4 hxg4 37. fxg4 Ne3+ 38. Kd3 Rf3 39. Ra8+ Kh7 40. Rxa5 Rxh3 41. Rh5+ Rxh5 42. gxh5 Nd5 43. Kc4 Nc7 44. d5 f5 45. d6 Ne6 46. Kd5 Nd8 47. a5 g5 48. hxg6+ Kxg6 49. a6 f4 50. a7 f3 51. a8=Q f2 52. Qa1 Nf7 53. Qf1 Nh6 54. Qxf2 Nf5 55. d7 Kf7 56. Qxf5+ Ke7 57. Qe6+ Kd8 58. Qe8+ Kc7 59. d8=Q+ Kb7 60. Qc6+ Ka7 61. Qdb6# 1-0


[Site "https://www.chess.com"]

[Event "Titled Tuesday Blitz August 22 Late 2023"]
[White "Jonkman, Harmen"]
[Black "Kohler, Aran"]
[WhiteFideId "1002708"]
[BlackFideId "1002856"]
[WhiteElo "2417"]
[BlackElo "2247"]
[Result "1/2-1/2"]
[Round "5"]
[TimeControl "180+1"]
[Date "2023.08.22"]
[WhiteClock "0:00:12"]
[BlackClock "0:00:18"]
[Board "167"]

1. d4 d5 2. c4 c6 3. Nf3 Nf6 4. Nc3 e6 5. g3 Nbd7 6. Bg2 Bd6 7. O-O O-O 8. Qb3 b6 9. cxd5 exd5 10. Bf4 Bxf4 11. gxf4 Bb7 12. Rad1 Re8 13. Ne5 Nf8 14. e3 Qd6 15. Rd2 N6d7 16. a4 f6 17. Nd3 Ba6 18. Rc1 Bc4 19. Qd1 Rac8 20. b3 Bxd3 21. Rxd3 f5 22. a5 Nf6 23. axb6 axb6 24. Na4 N8d7 25. Rdc3 Ne4 26. R3c2 Re6 27. Kh1 Rh6 28. Bxe4 fxe4 29. Qg4 Rg6 30. Qf5 Rf6 31. Qh5 Rh6 32. Qf5 Rf6 33. Qh5 Rh6 34. Qf5 Rf6 1/2-1/2


[Site "https://www.chess.com"]

[Event "Titled Tuesday Blitz August 22 Late 2023"]
[White "Bueno, Alfeu Junior Varela"]
[Black "Magallanes, Rey Jomar"]
[WhiteFideId "2108879"]
[BlackFideId "5205948"]
[WhiteElo "2413"]
[BlackElo "2246"]
[Result "1-0"]
[Round "5"]
[TimeControl "180+1"]
[Date "2023.08.22"]
[WhiteClock "0:00:01"]
[BlackClock "0:02:22"]
[Board "168"]

1. e4 c5 2. Nc3 d6 3. f4 Nc6 4. Bb5 g6 5. Bxc6+ bxc6 6. d3 Bg7 7. Nf3 e6 8. O-O Ne7 9. e5 O-O 10. Ne4 dxe5 11. fxe5 Qc7 12. Bg5 Nd5 13. c4 Nb4 14. a3 Na6 15. Nf6+ Kh8 16. Qe1 Nb8 17. Qh4 h5 18. g4 Nd7 19. gxh5 Nxf6 20. exf6 Bxf6 21. hxg6+ Kg8 22. Qh7# 1-0


[Site "https://www.chess.com"]

[Event "Titled Tuesday Blitz August 22 Late 2023"]
[White "Ronka, Erik"]
[Black "Penagalapati, Abhinav"]
[WhiteFideId "505080"]
[BlackFideId "30938210"]
[WhiteElo "2412"]
[BlackElo "2221"]
[Result "1-0"]
[Round "5"]
[TimeControl "180+1"]
[Date "2023.08.22"]
[WhiteClock "0:00:06"]
[BlackClock "0:00:18"]
[Board "169"]

1. e4 Nf6 2. Nc3 d5 3. e5 Nfd7 4. Nxd5 Nxe5 5. Ne3 Nbc6 6. b3 g6 7. Bb2 Bg7 8. Rb1 O-O 9. d4 Nd7 10. Nf3 Nb6 11. Be2 Bg4 12. O-O Bxf3 13. Bxf3 Nxd4 14. Bxb7 Rb8 15. Be4 Qd6 16. c3 Ne6 17. Qe2 Rfd8 18. g3 Qd2 19. Rfe1 Nc5 20. Bc2 Bxc3 21. Bxc3 Qxc3 22. Rbc1 Qe5 23. f4 Qd6 24. Ng4 Nd5 25. Qe5 Qxe5 26. Nxe5 Nb4 27. Bxg6 hxg6 28. Rxc5 Rd2 29. Rxc7 Re8 30. Nf3 Rxa2 31. Rexe7 Rxe7 32. Rxe7 Nd3 33. Ng5 Rb2 34. Nxf7 a5 35. Ra7 Ra2 36. Nh6+ Kf8 37. Ng4 Nc5 38. b4 Nb3 39. bxa5 Rxa5 40. Rxa5 Nxa5 41. Kg2 Kg7 42. Ne5 Nb3 43. Kf3 Nc5 44. Kg4 Ne4 45. h4 Nf2+ 46. Kf3 Nd1 47. Nd3 Nc3 48. Kg4 Ne4 49. Ne5 Nf6+ 50. Kh3 Nd5 51. Kg2 Ne3+ 52. Kf3 Nf5 53. g4 Nxh4+ 54. Kg3 g5 55. fxg5 Ng6 56. Nxg6 Kxg6 57. Kf4 Kg7 58. Kf5 Kf7 59. g6+ Kg7 60. Kg5 Kf8 61. Kf6 Kg8 62. g7 Kh7 63. Kf7 Kh6 64. g5+ Kh5 65. g8=Q 1-0


[Site "https://www.chess.com"]

[Event "Titled Tuesday Blitz August 22 Late 2023"]
[White "Vanek, Tomas"]
[Black "SergioMoralesG"]
[WhiteFideId "313459"]
[WhiteElo "2210"]
[BlackElo "2411"]
[Result "1/2-1/2"]
[Round "5"]
[TimeControl "180+1"]
[Date "2023.08.22"]
[WhiteClock "0:00:07"]
[BlackClock "0:00:04"]
[Board "170"]

1. d4 d5 2. Bf4 Nf6 3. e3 c5 4. c3 e6 5. Nf3 Bd6 6. Bg3 O-O 7. Bd3 Qc7 8. Ne5 Nc6 9. f4 cxd4 10. exd4 Ne4 11. O-O f6 12. Bxe4 dxe4 13. Nc4 f5 14. Nxd6 Qxd6 15. Nd2 b6 16. Nc4 Qd7 17. Ne5 Qd5 18. Qe2 a5 19. Nxc6 Qxc6 20. c4 Ba6 21. b3 b5 22. Rfc1 bxc4 23. bxc4 Rfc8 24. Rc2 Bxc4 25. Qd2 Qd5 26. Rac1 Ba6 27. Bf2 h6 28. Rc5 Qd6 29. Qxa5 Qxf4 30. Rxc8+ Rxc8 31. Rxc8+ Bxc8 32. Qd8+ Kh7 33. Qxc8 e3 34. Bg3 e2 35. Qc3 Qe4 36. h3 f4 37. Bf2 Kg6 38. Kh2 Kh7 39. Kg1 Kg6 40. Kh2 Kh7 41. Kg1 1/2-1/2


[Site "https://www.chess.com"]

[Event "Titled Tuesday Blitz August 22 Late 2023"]
[White "Zeck_CH"]
[Black "Erece, Ece Alkim"]
[BlackFideId "6346006"]
[WhiteElo "2408"]
[BlackElo "2203"]
[Result "1-0"]
[Round "5"]
[TimeControl "180+1"]
[Date "2023.08.22"]
[WhiteClock "0:01:45"]
[BlackClock "0:00:00"]
[Board "171"]

1. e4 c5 2. Nf3 a6 3. g3 b5 4. Bg2 Bb7 5. Qe2 e6 6. O-O Nf6 7. d3 Nc6 8. Nbd2 Be7 9. Re1 d6 10. a4 O-O 11. Nf1 e5 12. Ne3 Nd4 13. Qd1 Nxf3+ 14. Bxf3 Re8 15. c3 bxa4 16. Qxa4 d5 17. Nf5 dxe4 18. dxe4 Qd3 19. Bg2 g6 20. Nxe7+ Rxe7 21. Bg5 Re6 22. Rad1 Qb5 23. Qc2 Kg7 24. Bf1 Qc6 25. Bc4 Ree8 26. f3 h6 27. Be3 Rad8 28. Qc1 g5 29. h4 Nh5 30. Kg2 f6 31. hxg5 fxg5 32. Rh1 Nf6 33. Rxd8 Rxd8 34. Bxg5 hxg5 35. Qxg5+ Kf8 36. Rh8+ Ke7 37. Qxe5+ Kd7 38. Rh6 Rf8 39. g4 Qd6 40. Qxd6+ Kxd6 41. g5 Rg8 42. Rxf6+ 1-0


[Site "https://www.chess.com"]

[Event "Titled Tuesday Blitz August 22 Late 2023"]
[White "campochess"]
[Black "Romero Ruscalleda, Josep"]
[BlackFideId "2231859"]
[WhiteElo "2198"]
[BlackElo "2402"]
[Result "0-1"]
[Round "5"]
[TimeControl "180+1"]
[Date "2023.08.22"]
[WhiteClock "0:00:06"]
[BlackClock "0:00:13"]
[Board "172"]

1. d4 g6 2. e4 Bg7 3. Nf3 d6 4. h3 Nf6 5. Nc3 a6 6. a4 O-O 7. Bg5 Nc6 8. Qd2 e5 9. d5 Ne7 10. Bh6 Nd7 11. Bxg7 Kxg7 12. Bd3 Nc5 13. O-O Nxd3 14. cxd3 f5 15. Rac1 f4 16. b4 b6 17. d4 exd4 18. Qxd4+ Kg8 19. Rfe1 Bd7 20. Re2 h6 21. Rec2 g5 22. b5 a5 23. Nb1 Rc8 24. Nh2 Ng6 25. Nd2 Rf7 26. Ndf3 Be8 27. e5 dxe5 28. Nxe5 Nxe5 29. Qxe5 Re7 30. Qd4 Qd6 31. Ng4 Bg6 32. Qf6 Qxf6 33. Nxf6+ Kf7 34. d6 Bxc2 35. dxe7 Kxf6 36. Rxc2 Kxe7 37. Rc6 Kd7 38. Rxh6 Rg8 39. f3 Rg7 40. Kf2 Kc8 41. h4 gxh4 42. Rxh4 Rf7 43. Rh6 Rf5 44. g4 fxg3+ 45. Kxg3 Rc5 46. f4 Rc4 47. f5 Rxa4 48. f6 Kd7 49. Rh7+ Ke6 50. Rxc7 Kxf6 51. Rc6+ Ke5 52. Rxb6 Rb4 53. Rb8 Kd6 54. b6 Kc6 55. Kf3 Rxb6 56. Ra8 Kb5 57. Ke3 Kb4 58. Kd2 Rc6 59. Rb8+ Ka3 60. Rb7 a4 61. Rb5 Ka2 62. Rb7 Rc4 63. Kd3 Rh4 64. Kc2 Rh3 65. Rb8 Rb3 66. Rh8 Rb7 67. Kc3 Ka3 68. Rh1 Rc7+ 69. Kd2 Kb2 70. Rh8 Rd7+ 71. Ke3 a3 72. Rb8+ Ka1 73. Ke2 a2 74. Rb5 Rd4 75. Ke3 Rd1 76. Ke2 Rb1 77. Ra5 Kb2 78. Rb5+ Kc2 79. Rc5+ Kb3 80. Rb5+ Kc4 81. Ra5 a1=Q 0-1


[Site "https://www.chess.com"]

[Event "Titled Tuesday Blitz August 22 Late 2023"]
[White "Harriott, Tyrell"]
[Black "Capp, Stephen"]
[WhiteFideId "2086484"]
[BlackFideId "2027089"]
[WhiteElo "2397"]
[BlackElo "2185"]
[Result "1-0"]
[Round "5"]
[TimeControl "180+1"]
[Date "2023.08.22"]
[WhiteClock "0:00:42"]
[BlackClock "0:00:09"]
[Board "173"]

1. d4 Nf6 2. e3 d6 3. Bd3 g6 4. f4 Bg7 5. Nf3 O-O 6. O-O Nc6 7. e4 e5 8. d5 Nb8 9. fxe5 dxe5 10. c4 Nbd7 11. Nc3 h6 12. Kh1 a6 13. Be3 Qe7 14. Qd2 Kh7 15. a3 Ng4 16. Bg1 Nc5 17. b4 Nxd3 18. Qxd3 f5 19. Bc5 Qe8 20. Bxf8 Bxf8 21. Rae1 f4 22. c5 Bd7 23. h3 Ne3 24. Rxe3 fxe3 25. Qxe3 Bg7 26. Nh4 Qe7 27. Qg3 g5 28. Nf5 Bxf5 29. Rxf5 a5 30. Nb5 axb4 31. axb4 Ra1+ 32. Kh2 c6 33. Nd6 cxd5 34. exd5 e4 35. Rf7 Qd8 36. Qe5 Qg8 37. Rxb7 Kg6 38. Qf5+ Kh5 39. g4+ Kh4 40. Qf2# 1-0


[Site "https://www.chess.com"]

[Event "Titled Tuesday Blitz August 22 Late 2023"]
[White "Petersson, Kjell"]
[Black "JerMorGurgeh"]
[WhiteFideId "1705148"]
[WhiteElo "2166"]
[BlackElo "2393"]
[Result "1-0"]
[Round "5"]
[TimeControl "180+1"]
[Date "2023.08.22"]
[WhiteClock "0:00:40"]
[BlackClock "0:00:00"]
[Board "174"]

1. d4 e6 2. Bf4 Nf6 3. e3 c5 4. c3 b6 5. Nf3 Bb7 6. Nbd2 cxd4 7. exd4 Be7 8. Bd3 O-O 9. O-O d6 10. a4 a6 11. Qe2 Nbd7 12. Rfe1 Re8 13. h3 Qc7 14. Bg3 Bf8 15. c4 Qd8 16. Nb3 a5 17. Qd2 Bxf3 18. gxf3 Nh5 19. Kg2 g6 20. Qc2 Qg5 21. Qd2 Qf6 22. Qe3 e5 23. Rad1 exd4 24. Qxd4 Ne5 25. Be4 Rac8 26. Bd5 Bh6 27. Nc1 Nf4+ 28. Bxf4 Bxf4 29. Ne2 g5 30. Ng3 Qg6 31. Qe4 Qf6 32. Qf5 Qe7 33. Be4 f6 34. Rxd6 Ng6 35. Qxf6 Qxf6 36. Rxf6 Rxc4 37. Bxg6 hxg6 38. Rxg6+ Kf7 39. Rxb6 Rxe1 40. Rb5 Re5 41. Rb7+ Ke8 42. Ne4 Rb4 43. Rh7 1-0


[Site "https://www.chess.com"]

[Event "Titled Tuesday Blitz August 22 Late 2023"]
[White "Gutierrez Espinosa, Karen"]
[Black "Melikhov, Evgeny V."]
[WhiteFideId "3513238"]
[BlackFideId "4122046"]
[WhiteElo "2131"]
[BlackElo "2389"]
[Result "0-1"]
[Round "5"]
[TimeControl "180+1"]
[Date "2023.08.22"]
[WhiteClock "0:00:00"]
[BlackClock "0:00:05"]
[Board "175"]

1. e4 c5 2. Nf3 d6 3. d4 cxd4 4. Nxd4 Nf6 5. Nc3 a6 6. Bc4 e6 7. Bb3 Nbd7 8. O-O Nc5 9. f4 Be7 10. e5 dxe5 11. fxe5 Nfd7 12. Bf4 O-O 13. Qg4 Nf6 14. exf6 Qxd4+ 15. Kh1 Bxf6 16. Rad1 e5 17. Qh5 Nxb3 18. Rxd4 Nxd4 19. Bxe5 Bxe5 20. Qxe5 Nc6 21. Qg3 Be6 22. Ne4 Rad8 23. h3 Kh8 24. Ng5 Bd5 25. Qh4 h6 26. Qh5 Kg8 27. Nf3 Be6 28. c3 Rd5 29. Qh4 Rfd8 30. Qg3 b5 31. Qc7 R5d6 32. Qb7 Na5 33. Qc7 Nc6 34. b3 Kh7 35. Qb7 Na5 36. Qe4+ Kg8 37. Ne5 Bd5 38. Qh4 Nc6 39. Nxc6 Bxc6 40. c4 bxc4 41. bxc4 Rd2 42. Rg1 R8d4 43. Qe7 Rxc4 44. a3 Rcc2 45. h4 h5 46. a4 g6 47. Qf6 Bxg2+ 48. Kh2 Bd5+ 49. Kg3 Rg2+ 50. Rxg2 Rxg2+ 51. Kh3 Rd2 52. Qd8+ Kg7 53. Qb8 Be6+ 54. Kg3 Rd5 55. Qb6 a5 56. Qb2+ Kg8 57. Qc3 Rf5 58. Qb2 Kh7 59. Qb8 Rd5 60. Qc7 Rf5 61. Qd8 Rd5 62. Qf8 Rd4 63. Qe8 Rg4+ 64. Kf3 Rxh4 65. Qb5 Rg4 66. Qxa5 h4 67. Qb5 h3 68. Qf1 Rh4 0-1


[Site "https://www.chess.com"]